AoeStats
← oscarugoster

Oasis

509453326Analyzed
4v4 RM · 4d ago on Sep 26, 2026· 73m 55s· 8 players
Game mode
Random Map
Map size
Large (8 player)
Population
200
Speed
Normal
Resources
Standard
Victory
Conquest
Starting age
Dark Age
Ending age
Imperial Age
RankedLock teamsTeams togetherTeam positionsShared explorationLock speedFull tech treeHidden civsTurbo modeCheats
Victory
Defeat
🇦🇷 Goths · Argentina
846
+12
🇧🇷 Hindustanis · Brazil
813
+14
🇦🇷 Georgians · Argentina
785
+15
🇨🇴 Gurjaras · Colombia
753
+16
🇨🇴 Burgundians · Colombia
823
-18
🇨🇴 Goths · Colombia
764
-14
🇨🇴 Celts · Colombia
741
-13
🇨🇴 Tatars · Colombia
713
-12
(Terry-Fox)
1:18 Loom
12:31 Feudal Age
13:06 Double-Bit Axe
13:05 Horse Collar
18:40 Gold Mining
22:01 Castle Age
19:54 Man-at-Arms
20:49 Scale Mail Armor
21:00 Forging
22:18 Pikeman
23:02 Squires
22:57 Long Swordsman
24:59 Chain Mail Armor
27:48 Bow Saw
29:32 Fletching
39:01 Imperial Age
38:26 Anarchy
39:43 Perfusion
40:05 Conscription
45:20 Iron Casting
46:31 Two-Handed Swordsman
49:29 Blast Furnace
54:53 Caravan
54:55 Halberdier
58:11 Chemistry
58:51 Fervor
58:05 Champion
61:49 Treadmill Crane
62:32 Ballistics
62:10 Bodkin Arrow
62:17 Padded Archer Armor
63:03 Stone Mining
b3rm3
6:21 Loom
8:48 Feudal Age
14:30 Double-Bit Axe
22:26 Castle Age
21:09 Scale Barding Armor
25:03 Pikeman
27:43 Gambesons
27:58 Squires
28:00 Scale Mail Armor
28:10 Forging
27:51 Fletching
28:02 Padded Archer Armor
28:22 Chain Barding Armor
santiago.ramirez10
10:04 Loom
11:50 Feudal Age
12:53 Horse Collar
13:04 Double-Bit Axe
14:07 Wheelbarrow
15:12 Gold Mining
17:59 Stone Mining
21:50 Town Watch
22:41 Padded Archer Armor
22:34 Fletching
25:17 Castle Age
26:10 Bodkin Arrow
27:06 Stone Shaft Mining
27:08 Gold Shaft Mining
26:35 Heavy Plow
26:47 Bow Saw
28:08 Kshatriyas
35:53 Hand Cart
35:39 Town Patrol
37:27 Forging
37:17 Scale Mail Armor
37:22 Scale Barding Armor
41:49 Imperial Age
42:08 Heavy Scorpion
48:51 Caravan
49:22 Coinage
48:27 Light Cavalry
49:17 Bloodlines
49:08 Husbandry
48:29 Elite Shrivamsha Rider
48:29 Heavy Camel Rider
50:16 Frontier Guards
50:19 Conscription
53:10 Scale Barding Armor
53:06 Padded Archer Armor
55:10 Crop Rotation
56:01 Siege Elephant
57:38 Hoardings
56:33 Sappers
57:56 Stone Shaft Mining
58:15 Sanctity
57:55 Devotion
58:20 Illumination
59:22 Heresy
59:26 Hussar
60:06 Elite Chakram Thrower
61:36 Iron Casting
61:16 Chain Mail Armor
61:39 Banking
64:19 Crossbowman
64:19 Elite Skirmisher
65:05 Thumb Ring
65:27 Chain Mail Armor
65:33 Chain Barding Armor
65:13 Bracer
65:28 Leather Archer Armor
67:50 Ballistics
67:40 Masonry
67:11 Treadmill Crane
67:21 Heated Shot
68:31 Chemistry
67:26 Murder Holes
67:41 Fortified Wall
67:22 Guard Tower
67:42 Careening
67:42 Clinker Construction
68:56 Elite Elephant Archer
72:26 Onager
jenksulivan
1:50 Loom
12:01 Feudal Age
14:16 Double-Bit Axe
17:15 Castle Age
15:48 Gold Mining
15:49 Stone Mining
17:24 Wheelbarrow
18:52 Bow Saw
28:33 Stone Shaft Mining
28:34 Gold Shaft Mining
30:52 Imperial Age
29:35 Forging
29:52 Pikeman
30:33 Squires
31:57 Scale Barding Armor
31:53 Scale Mail Armor
31:53 Padded Archer Armor
31:35 Heavy Camel Rider
32:15 Husbandry
32:26 Bloodlines
33:11 Man-at-Arms
33:43 Fletching
34:28 Iron Casting
34:08 Chain Mail Armor
35:20 Chemistry
33:51 Imperial Camel Rider
33:55 Light Cavalry
33:58 Long Swordsman
36:20 Two-Man Saw
35:15 Two-Handed Swordsman
36:47 Champion
40:32 Blast Furnace
39:58 Arson
49:04 Chain Barding Armor
52:55 Hussar
oscarugoster
4:26 Loom
10:59 Feudal Age
12:18 Wheelbarrow
11:32 Double-Bit Axe
11:33 Horse Collar
13:01 Gold Mining
18:44 Castle Age
16:58 Scale Mail Armor
16:50 Fletching
17:06 Stone Mining
18:44 Forging
19:43 Hand Cart
19:42 Bow Saw
22:17 Heavy Plow
22:33 Squires
25:03 Pikeman
26:02 Anarchy
30:14 Stone Shaft Mining
34:42 Imperial Age
35:29 Perfusion
35:49 Conscription
36:00 Chain Mail Armor
36:21 Iron Casting
35:41 Bodkin Arrow
35:57 Capped Ram
38:14 Crop Rotation
43:12 Chemistry
44:13 Blast Furnace
43:13 Bracer
45:57 Caravan
45:37 Man-at-Arms
45:57 Long Swordsman
46:36 Two-Handed Swordsman
48:28 Elite Huskarl
53:57 Halberdier
56:18 Padded Archer Armor
65:47 Two-Man Saw
64:23 Elite Skirmisher
65:08 Padded Archer Armor
66:10 Champion
SebasOcampo72
10:25 Loom
14:18 Feudal Age
15:49 Double-Bit Axe
16:57 Forging
18:10 Scale Barding Armor
20:31 Castle Age
19:52 Bloodlines
23:13 Husbandry
25:00 Wheelbarrow
30:39 Iron Casting
32:14 Hand Cart
31:53 Gold Mining
38:40 Scale Barding Armor
46:34 Chain Barding Armor
59:22 Imperial Age
66:07 Elite Steppe Lancer
gabrielnaranjo567
4:58 Loom
13:23 Feudal Age
15:43 Double-Bit Axe
20:49 Castle Age
21:49 Pikeman
22:15 Arson
23:53 Wheelbarrow
33:15 Imperial Age
33:20 Stronghold
33:43 Capped Ram
34:21 Horse Collar
36:03 Fortified Wall
37:21 Guilds
37:42 Coinage
36:48 Halberdier
40:03 Conscription
39:14 Sappers
40:12 Scale Mail Armor
41:53 Hoardings
41:47 Heated Shot
42:11 Forging
45:30 Heavy Scorpion
49:36 Light Cavalry
50:49 Bow Saw
55:12 Hand Cart
70:00 Man-at-Arms
70:26 Gambesons
FEGO
11:36 Feudal Age
14:21 Double-Bit Axe
23:55 Castle Age
21:46 Horse Collar
22:14 Scale Barding Armor
22:22 Forging
22:03 Fletching
23:19 Heavy Plow
24:17 Bow Saw
27:05 Pikeman
27:46 Squires
32:19 Caravan
34:59 Crop Rotation
35:33 Chain Barding Armor
37:31 Iron Casting
38:32 Burgundian Vineyards
46:14 Imperial Age
44:29 Ballistics
46:43 Murder Holes
46:48 Cavalier
48:33 Chemistry
48:00 Onager
52:24 Paladin
55:44 Halberdier
Connection lost

Rejoining the realm…

Still unreachable

The connection could not be restored.

Session expired

The server has moved on; the page needs a fresh start.